 Dungeon Crawl Stone Soup version 0.22.0-2-ge58baed0e8 (webtiles) character file.

32 IcyTea the Stinger (level 3, 0/19 HPs)
             Began as a Kobold Venom Mage on Aug 13, 2018.
             Was an Initiate of Fedhas.
             Slain by an adder (2 damage)
             ... on level 2 of the Dungeon.
             The game lasted 00:04:36 (1276 turns).

IcyTea the Stinger (Kobold Venom Mage)              Turns: 1276, Time: 00:04:37

Health: 0/19       AC:  2    Str:  3 (5)  XL:     3   Next: 42%
Magic:  0/6        EV: 15    Int: 16 (17) God:    Fedhas [......]
Gold:   91         SH:  0    Dex: 12 (15) Spells: 2/6 levels left

rFire    . . .     SeeInvis .   f - +0 dagger
rCold    . . .     Gourm    .   (shield restricted)
rNeg     . . .     Faith    .   a - +0 robe
rPois    .         Spirit   .   (no helmet)
rElec    .         Reflect  .   (no cloak)
rCorr    .         Harm     .   (no gloves)
MR       .....                  (no boots)
Stlth    ++........             (no amulet)
HPRegen  0.06/turn              (no ring)
MPRegen  0.10/turn              (no ring)

@: lethally poisoned (0 -> -6), hasted, very quick
A: small, carnivore
a: Fungal Bloom, Renounce Religion


You were on level 2 of the Dungeon.
You worshipped Fedhas.
Fedhas was noncommittal.
You were not hungry.

You visited 1 branch of the dungeon, and saw 2 of its levels.

You collected 91 gold pieces.

Inventory:

Hand Weapons
 f - a +0 dagger (weapon)
Armour
 a - a +0 robe (worn)
Scrolls
 b - a scroll of identify {unknown}
 g - 4 scrolls of remove curse {unknown}
 i - a scroll of teleportation {unknown}
Potions
 d - a potion of haste
Comestibles
 c - 2 rations


   Skills:
 - Level 2.4 Dodging
 - Level 2.6 Stealth
 + Level 2.1 Spellcasting
 - Level 1.0 Conjurations
 - Level 1.0 Air Magic
 - Level 4.0 Poison Magic


You had 2 spell levels left.
You knew the following spells:

 Your Spells              Type           Power        Failure   Level  Hunger
a - Sting                 Conj/Pois      #...         7%          1    #......
b - Mephitic Cloud        Conj/Pois/Air  #.......     26%         3    ###....

Your spell library contained the following spells:

 Spells                   Type           Power        Failure   Level  Hunger
 Venom Bolt               Conj/Pois      #.........   89%         5    ######.
 Olgreb's Toxic Radiance  Pois           ##......     36%         4    #####..
 Poisonous Vapours        Pois/Air       #.....       11%         2    ###....


Dungeon Overview and Level Annotations

Branches:
Dungeon (2/15)

Altars:
Elyvilon
Fedhas
Xom


Innate Abilities, Weirdness & Mutations

You are small and have problems with some larger weapons.
You are carnivorous and can eat meat at any time.


Message History

You feel sick. The adder barely misses you.
You miss the adder.
The adder is severely wounded.
The adder closely misses you.
You barely miss the adder.
The adder is severely wounded.
The adder bites you.
* * * LOW HITPOINT WARNING * * *
You hit the adder.
The adder is severely wounded.
The adder misses you.
You hit the adder.
The adder is almost dead.
* * * LOW HITPOINT WARNING * * *
You feel sick.
You miss the adder.
The adder is almost dead.
The adder bites you.
You die...
Fedhas appreciates your contribution to the ecosystem.

#..._..##
#......#
#......#
##.#########
#..........
#####..########
#......#
#S###[##
#@#...###
###.#...# #.
#.###.# #. #
###.# #. #...#
#. ##..##### #.
#..#...# #.
#..#.#.# #.
#..#.#.# #.


You could see an adder.

Vanquished Creatures
  A gnoll (D:1)
  A ball python (D:1)
  3 goblins (D:1)
  5 hobgoblins
  2 kobolds (D:1)
  4 bats (D:1)
  4 frilled lizards
  3 rats (D:1)
23 creatures vanquished.

Notes
Turn   | Place    | Note
-------+----------+-------------------------------------------
     0 | D:1      | IcyTea the Kobold Venom Mage began the quest for the Orb.
     0 | D:1      | Reached XP level 1. HP: 10/10 MP: 3/3
   504 | D:1      | Reached XP level 2. HP: 15/15 MP: 0/5
   728 | D:1      | Reached skill level 4 in Poison Magic
   728 | D:1      | Reached XP level 3. HP: 18/19 MP: 1/6
   799 | D:1      | Learned a level 3 spell: Mephitic Cloud
   813 | D:1      | Found a shimmering altar of Xom.
  1194 | D:2      | Found a white marble altar of Elyvilon.
  1194 | D:2      | Found a blossoming altar of Fedhas.
  1200 | D:2      | Became a worshipper of Fedhas Madash
  1209 | D:2      | Reached skill level 1 in Air Magic
  1276 | D:2      | Slain by an adder

Skill      XL: |  1  2  3 |
---------------+----------+-----
Poison Magic   | 4 |  4.0
Air Magic      | 1 |  1.0
Dodging        | |  2.4
Stealth        | |  2.6
Spellcasting   | |  2.1
Conjurations   | |  1.0

Action                   || total
-------------------------++-------
Melee: Unarmed           ||     6
       Club              ||    11
       Hand axe          ||     6
       Dagger            ||    45
 Cast: Sting             ||    38
  Use: Potion            ||     3
 Stab: Sleeping          ||     2
  Eat: Chunk             ||     5
Armor: Robe              ||     7
Dodge: Dodged            ||    61
